 Dungeon Crawl Stone Soup version 0.30-a0-964-gd452b5e7fa (webtiles) character file.

Game seed: 13278669620200003368

6689 funkygono the Fighter (level 10, 0/94 HPs)
             Began as a Minotaur Fighter on Mar 30, 2023.
             Was a Priest of Okawaru.
             Slain by a blink frog (13 damage)
             ... on level 1 of the Lair of Beasts.
             The game lasted 00:18:15 (10413 turns).

funkygono the Fighter (Minotaur Fighter)           Turns: 10413, Time: 00:18:16

Health: 0/94       AC: 17    Str: 29    XL:     10   Next: 74%
Magic:  0/3        EV:  9    Int:  8    God:    Okawaru [***...]
Gold:   451        SH:  4    Dex:  6    Spells: 9/9 levels left

rFire   . . .      SeeInvis .    p - +5 mace "Sizeakh" {antimagic, rCorr Str+3 Stlth+}
rCold   . . .      Faith    .    c - +0 buckler
rNeg    . . .      Spirit   +    F - +0 chain mail
rPois   .          Reflect  .    (helmet restricted)
rElec   .          Rampage  .    m - +1 cloak
rCorr   +                        r - +2 pair of gloves {hurl}
Will    .....                    (no boots) Stlth
                                 g - amulet "Kucrats" {Spirit Fly Int+3 Dex-3}
HPRegen 0.35/turn                o - ring of wizardry
MPRegen 0.08/turn                (no ring)

@: flying, studying Fighting
A: horns 2, retaliatory headbutt
a: Renounce Religion, Heroism


You were on level 1 of the Lair of Beasts.
You worshipped Okawaru.
Okawaru was most pleased with you.
You visited 2 branches of the dungeon, and saw 10 of its levels.

You collected 451 gold pieces.

Inventory:

Hand Weapons
 p - the +5 mace "Sizeakh" (weapon) {antimagic, rCorr Str+3 Stlth+}
   (You took it off a hobgoblin on level 2 of the Dungeon)

   Str:       It affects your strength (+3).
   rCorr:     It protects you from acid and corrosion.
   Stlth:     It makes you more stealthy.
 D - a +2 war axe of venom
Missiles
 f - 7 boomerangs (quivered)
 v - 2 javelins
 y - 3 throwing nets
 z - 2 silver javelins
 A - 34 poisoned darts
 K - 14 boomerangs of dispersal
Armour
 c - a +0 buckler (worn)
 m - a +1 cloak (worn)
 r - a +2 pair of gloves of hurling (worn)
 F - a +0 chain mail (worn)
Jewellery
 g - the amulet "Kucrats" (around neck) {Spirit Fly Int+3 Dex-3}
   (You acquired it on level 2 of the Dungeon)

   [amulet of guardian spirit]

   It causes incoming damage to be divided between your reserves of health and
   magic.
   Int:       It affects your intelligence (+3).
   Dex:       It affects your dexterity (-3).
   Fly:       It grants you flight.
 o - a ring of wizardry (left hand)
Wands
 t - a wand of digging (8)
 B - a wand of paralysis (8)
 C - a wand of light (22)
 E - a wand of flame (24)
 H - a wand of iceblast (7)
 I - a wand of mindburst (16)
Scrolls
 a - a scroll of amnesia
 b - 4 scrolls of identify
 i - 2 scrolls of enchant armour
 q - 4 scrolls of teleportation
 u - a scroll of magic mapping
 x - a scroll of silence
Potions
 d - a potion of might
 l - 2 potions of curing
 s - 2 potions of resistance
 G - 3 potions of berserk rage
 J - a potion of cancellation
 M - a potion of ambrosia


   Skills:
 + Level 10.8 Fighting
 + Level 10.5(11.8) Axes
 + Level 8.7(10.9) Maces & Flails
 + Level 1.5 Throwing
 + Level 9.7 Armour
 + Level 4.6 Dodging
 + Level 1.7 Stealth
 + Level 6.3 Shields
 + Level 0.7 Unarmed Combat
 + Level 1.1 Invocations


You had 9 spell levels left.
You didn't know any spells.
Your spell library contained the following spells:

 Spells                   Type           Power      Damage    Failure   Level
 Magic Dart               Conj           0%         1d3       65%         1
 Blink                    Tloc           0%         N/A       77%         2
 Searing Ray              Conj           0%         2d4       77%         2
 Fulminant Prism          Conj/Hex       0%         3d5       100%        4
 Leda's Liquefaction      Hex/Erth       0%         N/A       100%        4
 Manifold Assault         Tloc           0%         N/A       100%        4
 Passage of Golubria      Tloc           0%         N/A       100%        4
 Lee's Rapid Deconstruct  Erth           0%         3d4*      100%        5
 Silence                  Hex/Air        0%         N/A       100%        5
 Statue Form              Tmut/Erth      0%         N/A       100%        6
 Storm Form               Tmut/Air       0%         N/A       100%        7
 Lehudib's Crystal Spear  Conj/Erth      0%         10d2      100%        8


Dungeon Overview and Level Annotations

Branches:
Dungeon (9/15)             Temple (0/1) D:7            Lair (1/5) D:8
    Orc: D:9-12

Altars:
Ashenzari
Cheibriados
Dithmenos
Hepliaklqana
Makhleb
Okawaru
Uskayaw

Shops:
D:7 *


Innate Abilities, Weirdness & Mutations

You have a pair of horns on your head.
You reflexively headbutt those who attack you in melee.


Message History

The blink frog's magic is no longer disrupted.
The blink frog hits you!
* * * LOW HITPOINT WARNING * * *
The blink frog hits you.
* * * LOW HITPOINT WARNING * * *
The blink frog hits you but does no damage.
You block the blink frog's attack.
You bludgeon the blink frog!!
The blink frog's magic leaks into the air.
Your headbutt misses the blink frog.
The blink frog is almost dead.
The blink frog hits you.
* * * LOW HITPOINT WARNING * * *
The blink frog falters for a moment.
The blink frog hits you.
* * * LOW HITPOINT WARNING * * *
You don't have enough magic at the moment.
You barely miss the blink frog.
The blink frog is almost dead.
You block the blink frog's attack. The blink frog hits you.
* * * LOW HITPOINT WARNING * * *
The blink frog hits you but does no damage. x2
You block the blink frog's attack.
Unknown command.
You feel much better. The blink frog hits you.
* * * LOW HITPOINT WARNING * * *
The blink frog blinks!
The blink frog barely misses you.
The blink frog blinks!
The blink frog hits you!
* * * LOW HITPOINT WARNING * * *
The blink frog blinks! x2
The blink frog attacks as you move away!
The blink frog closely misses you. You furiously retaliate!
You headbutt the blink frog!
The blink frog falters for a moment.
The blink frog hits you but does no damage.
The blink frog hits the plant!
The plant begins to die.
The blink frog's magic is no longer disrupted.
The blink frog hits the plant!
The blink frog blinks!
You barely miss the blink frog. You headbutt the blink frog.
The blink frog is almost dead.
The blink frog hits you!
You die...

##.........## #.#
##...........### F.
#..............# #.#
#.............## ..
#..<...........#
#.####............#
#..# ##..........## #
#.###F.........##
#.#.##ยง.F@##.......##
##....FP#.F.F.....##
#......#####....###
##...$..# ###..#
.........# #..#
...$...... ##.#
.P......... ..
#.........F. #.#
#..........## ..


You could see 5 blink frogs.

Vanquished Creatures
  A manticore (D:8)
  A gargoyle (D:8)
  2 komodo dragons
  A queen bee (shapeshifter) (D:8)
  A blink frog (Lair:1)
  3 yaks (D:9)
  A wyvern (D:7)
  2 steam dragons (D:8)
  A water moccasin (D:5)
  5 orc warriors
  4 ogres
  2 black bears
  3 ice beasts (D:6)
  A sky beast (D:3)
  A centaur (D:8)
  4 kobold brigands
  A phantom (D:6)
  A bullfrog (D:9)
  A gnoll sergeant (D:5)
  A scorpion (D:4)
  9 wights
  11 killer bees
  2 howler monkeys
  3 electric eels (D:9)
  3 jellies
  A crimson imp (D:8)
  4 hounds
  3 gnoll boudas
  4 orc priests
  Jessica (D:3)
  4 orc wizards
  Terence (D:2)
  4 iguanas
  Robin (D:2)
  8 adders
  16 gnolls
  A shadow imp (D:6)
  A white imp (D:7)
  A worm (D:2)
  17 orcs
  5 endoplasms
  3 giant cockroaches
  9 hobgoblins
  5 jackals
  A quokka (D:1)
  7 ball pythons
  9 bats
  3 frilled lizards
  17 goblins
  33 kobolds
  5 rats
229 creatures vanquished.

Vanquished Creatures (others)
  55 plants
55 creatures vanquished.

Grand Total: 284 creatures vanquished

Notes
Turn   | Place    | Note
-------+----------+-------------------------------------------
     0 | D:1      | funkygono the Minotaur Fighter began the quest for the Orb.
     0 | D:1      | Reached XP level 1. HP: 19/19 MP: 0/0
   267 | D:1      | Reached XP level 2. HP: 27/27 MP: 1/1
   820 | D:1      | Reached XP level 3. HP: 33/33 MP: 2/2
   952 | D:2      | Noticed Terence
   958 | D:2      | Killed Terence
   959 | D:2      | Reached XP level 4. HP: 37/40 MP: 3/3
  1216 | D:2      | Identified the +1 helmet "Miezuck" {Harm Regen+ Dex-2
                  | Slay+5}
  1216 | D:2      | Noticed Robin
  1234 | D:2      | Identified the +5 mace "Sizeakh" {antimagic, rCorr Str+3
                  | Stlth+}
  1242 | D:2      | Killed Robin
  1304 | D:2      | Identified a scroll of acquirement
  1304 | D:2      | Acquired the amulet "Kucrats" {Spirit Fly Int+3 Dex-3}
  1338 | D:3      | Found an iron altar of Okawaru.
  1348 | D:3      | Became a worshipper of Warmaster Okawaru
  1477 | D:3      | Reached XP level 5. HP: 41/47 MP: 2/4
  1482 | D:3      | Reached skill level 1 in Dodging
  1878 | D:3      | Noticed Jessica
  1888 | D:3      | Reached skill level 5 in Armour
  1889 | D:3      | Killed Jessica
  1890 | D:3      | Reached skill level 5 in Axes
  2011 | D:3      | Acquired a manual of Fighting
  2042 | D:4      | Noticed a sky beast
  2051 | D:4      | Noticed a black bear
  2053 | D:4      | Noticed an ogre
  2056 | D:3      | Reached XP level 6. HP: 11/53 MP: 1/5
  2061 | D:3      | Killed a sky beast
  2236 | D:3      | Reached * piety under Okawaru
  2237 | D:3      | Reached skill level 5 in Fighting
  2393 | D:4      | Reached XP level 7. HP: 42/61 MP: 4/6
  3183 | D:5      | Entered Level 5 of the Dungeon
  3312 | D:5      | Reached skill level 5 in Shields
  3312 | D:5      | Reached XP level 8. HP: 71/71 MP: 4/7
  3368 | D:5      | Found a broken altar of Ashenzari.
  3666 | D:5      | Found a hide-covered altar of Uskayaw.
  4090 | D:6      | Found a shadowy altar of Dithmenos.
  4245 | D:6      | Reached ** piety under Okawaru
  4446 | D:6      | You are sucked into a shaft and drop 2 floors!
  4533 | D:8      | Reached skill level 10 in Axes
  4558 | D:8      | Reached XP level 9. HP: 40/81 MP: 2/8
  4808 | D:8      | Found a burning altar of Makhleb.
  4812 | D:8      | Reached skill level 1 in Maces & Flails
  4866 | D:8      | Found a staircase to the Lair.
  4867 | D:8      | Noticed a komodo dragon
  4881 | D:8      | Killed a komodo dragon
  5468 | D:6      | Reached skill level 1 in Stealth
  5473 | D:6      | Reached *** piety under Okawaru
  6285 | D:7      | Found a staircase to the Ecumenical Temple.
  6445 | D:7      | Reached skill level 5 in Maces & Flails
  6896 | D:7      | Found Itilyj's Assorted Antiques.
  7002 | D:8      | Found a snail-covered altar of Cheibriados.
  7039 | D:8      | Noticed a komodo dragon
  7040 | D:8      | Noticed a gargoyle
  7052 | D:8      | HP: 2/84 [komodo dragon (7)]
  7064 | D:7      | Killed a komodo dragon
  7064 | D:7      | Received a gift from Okawaru
  7065 | D:7      | Reached XP level 10. HP: 17/92 MP: 1/9
  7293 | D:8      | Killed a gargoyle
  7294 | D:8      | Reached skill level 1 in Invocations
  7823 | D:8      | Noticed a manticore
  7836 | D:8      | Killed a manticore
  7837 | D:8      | Reached skill level 10 in Fighting
  8143 | D:8      | Found a hazy altar of Hepliaklqana.
  9061 | D:9      | Reached **** piety under Okawaru
  9062 | D:9      | Reached skill level 1 in Throwing
 10362 | Lair:1   | Entered Level 1 of the Lair of Beasts
 10409 | Lair:1   | HP: 4/94 [blink frog (6)]
 10413 | Lair:1   | Slain by a blink frog

Illustrated notes

Levels and vault maps discovered:
D:1:      psy_arrival_basics, layout_loops_ring
D:2:      layout_rooms, uniq_terence, uniq_robin
D:3:      layout_loops_cross, lemuel_round_altar, minivault_23, uniq_jessica
D:4:      layout_basic, minivault_4, kennysheep_generic_room_9
D:5:      layout_cave_pools, nicolae_ashenzari_skybound, lemuel_crystal_altar,
          kennysheep_pointless_box
D:6:      layout_basic, nicolae_dithmenos_the_darkroom, st_stairs_6, minivault_4
D:7:      layout_basic, minmay_temple_entry_glassed_door, serial_shops, shop
D:8:      layout_layer_cave, worldfamousw_hep_ancestral_shrine,
          cheibriados_altar_1, makhleb_grotto_becter, david_lair_shrubbed,
          kennysheep_small_spiral, kb_rosetta
D:9:      layout_stronghold, chequers_big_river, minmay_unpleasant_kobolds
Lair:1:   layout_cave_pods, enter_volcano_1

Skill      XL: |  1  2  3  4  5  6  7  8  9 10 |
---------------+-------------------------------+-----
Armour         | 4 5 6 7 8 9 |  9.7
Axes           | 3 4 5 6 7 10 | 10.5
Fighting       | 4 5 6 8 9 10 | 10.8
Shields        | 4 5 6 |  6.3
Dodging        | 1 2 3 4 |  4.6
Maces & Flails | 6 8 |  8.7
Stealth        | 1 |  1.7
Invocations    | 1 |  1.1
Throwing       | 1 |  1.5
Unarmed Combat | |  0.7

Action                     |  1- 3 |  4- 6 |  7- 9 | 10-12 || total
---------------------------+-------+-------+-------+-------++-------
  Melee: War axe           |    61 |    96 |   133 |       ||   290
         Headbutt          |    11 |     2 |    57 |    46 ||   116
         Unarmed           |       |       |    10 |       ||    10
         Mace              |       |       |   163 |   208 ||   371
  Throw: Boomerang         |       |       |       |     6 ||     6
 Invoke: Heroism           |       |       |     7 |     4 ||    11
    Use: Scroll            |       |    12 |     8 |     5 ||    25
         Potion            |       |       |     1 |     1 ||     2
 Armour: Scale mail        |    34 |    73 |    88 |       ||   195
         Chain mail        |       |       |    76 |   122 ||   198
  Dodge: Dodged            |    46 |    62 |   144 |    77 ||   329
  Block: Buckler           |    21 |    29 |    50 |    38 ||   138

Table legend: (Time is in decaauts)
 A = Elapsed time spent in this place.
 B = Non-inter-level travel time spent in this place.
 C = Inter-level travel time spent in this place.
 D = Time resting spent in this place.
 E = Time spent auto-exploring this place.
 F = Levels seen in this place.
 G = Mean time per level.
                   A        B        C        D        E       F      G
               +--------+--------+--------+--------+--------+-----+--------+
         Total |  10463 |  10078 |    385 |    552 |   7682 |  10 | 1046.3 |
       Dungeon |  10414 |  10029 |    385 |    552 |   7661 |   9 | 1157.1 |
          Lair |     49 |     49 |      0 |      0 |     21 |   1 |   49.0 |
               +--------+--------+--------+--------+--------+-----+--------+

Top non-repeatable levels by time:
     D:8: 1983 daAuts
     D:9: 1913 daAuts
     D:6: 1207 daAuts
     D:7: 1185 daAuts
     D:3: 1083 daAuts
     D:5: 874 daAuts
     D:1: 843 daAuts
     D:4: 794 daAuts
     D:2: 528 daAuts
  Lair:1: 49 daAuts
